 Dungeon Crawl Stone Soup version bcrawl-1.19.2-6-g6a88ae04c9 (webtiles) character file.

Game seed: 11145761600168991347

37 Mrkan the Ruffian (level 3, -7/29 HPs)
             Began as a Draconian Transmuter on Dec 21, 2019.
             Mangled by a worm (8 damage)
             ... on level 2 of the Dungeon.
             The game lasted 00:01:33 (1103 turns).

Mrkan the Ruffian (Draconian Transmuter)            Turns: 1103, Time: 00:01:33

Health: -7/29      AC:  5    Str: 13    XL:     3   Next: 21%
Magic:  5/6        EV: 12    Int: 13    God:
Gold:   54         SH:  0    Dex: 11    Spells: 5/6 levels left

rFire    . . .     SeeInvis .     - Unarmed
rCold    . . .     Gourm    .   (no shield)
rNeg     . . .     Faith    .   (armour unavailable)
rPois    .         Spirit   .   (helmet restricted)
rElec    .         Reflect  .   (no cloak)
rCorr    .         Harm     .   (no gloves)
MR       .....                  (boots currently unavailable)
Stlth    +.........             (no amulet)
HPRegen  0.09/turn              (no ring)
MPRegen  0.10/turn              (no ring)

@: appendage
A: unfitting armour, talons 3, cold-blooded, AC +5
a: End Transformation


You were on level 2 of the Dungeon.
You were hungry.
You had grown temporary talons.
You visited 1 branch of the dungeon, and saw 2 of its levels.

You collected 54 gold pieces.

Inventory:

Missiles
 a - 276 arrows
Scrolls
 b - a scroll of remove curse {unknown}
 f - a scroll of magic mapping {unknown}
 g - 2 scrolls of teleportation {unknown}
Potions
 c - a potion of lignification
 e - a potion of resistance {unknown}
Comestibles
 d - 3 rations {!d}


   Skills:
 + Level 1.6 Fighting
 - Level 1.7 Dodging
 * Level 3.7 Unarmed Combat
 + Level 2.3 Spellcasting
 + Level 2.3 Transmutations


You had 5 spell levels left.
You knew the following spells:

 Your Spells              Type           Power        Failure   Level  Hunger
a - Beastly Appendage     Tmut           #.....       10%         1    #......

Your spell library contained the following spells:

 Spells                   Type           Power        Failure   Level  Hunger
 Sticks to Snakes         Tmut           #.......     14%         2    ###....
 Spider Form              Tmut/Pois      #..          43%         3    ###....
 Ice Form                 Ice/Tmut       #.......     83%         4    #####..
 Blade Hands              Tmut           #.........   95%         5    ######.


Dungeon Overview and Level Annotations

Branches:
Dungeon (2/12)

Altars:

Annotations:
D:2 Terence


Innate Abilities, Weirdness & Mutations

Your plain brown scales are hard. (AC +5)
You cannot fit into any form of body armour.
You are cold-blooded and may be slowed by cold attacks.
You have claws for feet.


Message History

Terence is moderately wounded.
The worm closely misses you. Terence barely misses you.
You hit Terence.
Terence is heavily wounded.
Terence closely misses you. The worm misses you.
You hit Terence.
Terence is severely wounded.
You punch Terence!
Terence is almost dead.
Terence hits you with a +0 hand axe.
* * * LOW HITPOINT WARNING * * *
The worm closely misses you.
Casting: Beastly Appendage (safe; 10% risk of failure)
Confirm with . or Enter, or press ? or * to list all spells.
Your feet morph into talons.
Terence hits you with a +0 hand axe.
* * * LOW HITPOINT WARNING * * *
You hit Terence but do no damage.
Terence is almost dead.
Terence hits you but does no damage. The worm bites you!
You die...

#.# #......
#.#######
#......
####........
#......
#..........#
#......
#..........#
.....
#..........# ...
#...........
#w###.$........#
#.@@r.!......).#
####w..........#
#...........#
#...........#
#...........#
#...........#
#...........#
##.$........
#....^....


You could see Terence, a worm, a dart slug and a quokka.

Vanquished Creatures
  An ooze (D:1)
  2 dart slugs (D:1)
  A giant cockroach (D:1)
  4 goblins (D:1)
  4 hobgoblins (D:1)
  A jackal (D:1)
  5 kobolds
  A quokka (D:1)
  A bat (D:1)
  2 frilled lizards (D:1)
  4 rats (D:1)
26 creatures vanquished.

Notes
Turn   | Place    | Note
-------+----------+-------------------------------------------
     0 | D:1      | Mrkan the Draconian Transmuter began the quest for the Orb.
     0 | D:1      | Reached XP level 1. HP: 16/16 MP: 3/3
   169 | D:1      | Reached XP level 2. HP: 22/23 MP: 5/5
   475 | D:1      | Reached XP level 3. HP: 4/28 MP: 6/6
  1070 | D:2      | Noticed Terence
  1102 | D:2      | HP: 1/29 [Terence/+0 hand axe (1)]
  1103 | D:2      | Mangled by a worm

Action                   || total
-------------------------++-------
Melee: Unarmed           ||   106
       Tailslap          ||    10
       Punch             ||     2
 Cast: Beastly Appendage ||     3
Armor: Skin              ||    24
Dodge: Dodged            ||    69
